 Dungeon Crawl Stone Soup version 0.14.2 (console) character file.

238 FIQ the Fey Minotaur (level 4, 0/38 HPs)
             Began as a Minotaur Death Knight on Feb 3, 2016.
             Was a Believer of Yredelemnul.
             Slain by an adder (3 damage)
             ... on Level 3 of the Dungeon.
             The game lasted 00:03:18 (2102 turns).

FIQ the Fey Minotaur (Minotaur Death Knight)        Turns: 2102, Time: 00:03:19

HP   0/38        AC  3     Str 22      XL: 4   Next: 32%
MP   5/5         EV 11     Int 13      God: Yredelemnul [**....]
Gold 148         SH  0     Dex 11      Spells:  0 memorised,  3 levels left

rFire  . . .     SeeInvis .     a - +1 hand axe
rCold  . . .     Clarity  .     b - +0 leather armour
rNeg   . . .     Conserve .     (no shield)
rPois  .         rCorr    .     (helmet restricted)
rElec  .         rRot     .     (no cloak)
SustAb . .       Spirit   .     (no gloves)
rMut   .         Warding  .     (no boots)
Saprov . . .     Stasis   .     (no amulet)
MR     .....                    (no ring)
                                (no ring)

@: mighty, brilliant, drained, not resistant to hostile enchantments, very
unstealthy
A: retaliatory headbutt, horns 2
a: Animate Remains, Recall Undead Slaves, Injury Mirror, Renounce Religion


You were on level 3 of the Dungeon.
You worshipped Yredelemnul.
Yredelemnul was pleased with you.
You were hungry.

You visited 1 branch of the dungeon, and saw 3 of its levels.

You collected 148 gold pieces.

Inventory:

Hand weapons
 a - a +1,+1 hand axe (weapon)
Armour
 b - a +0 leather armour (worn)
Comestibles
 c - 3 bread rations
 d - 3 apples
 f - a sausage
 j - a pear
 k - 4 meat rations
 n - a choko
 s - a rotting chunk of quokka flesh
 t - 2 rotting chunks of goblin flesh
 u - 3 rotting chunks of hobgoblin flesh
Scrolls
 e - 2 scrolls of enchant weapon I {unknown}
 l - 2 scrolls of amnesia {unknown}
 p - a scroll of teleportation {unknown}
 q - a scroll of fear {unknown}
 r - a scroll of enchant armour {unknown}
 v - a scroll of fog {unknown}
 w - a scroll of remove curse {unknown}
 y - a scroll of identify {unknown}
Jewellery
 h - an uncursed ring of sustain abilities {unknown}
 m - an uncursed ring of poison resistance {unknown}
Potions
 g - a potion of curing


   Skills:
 + Level 3.2(3.1) Fighting
 + Level 3.0(2.9) Axes
 + Level 2.2(2.1) Armour
 + Level 2.3(2.2) Dodging
 + Level 3.4(3.3) Invocations


You had 3 spell levels left.
You didn't know any spells.

Dungeon Overview and Level Annotations

Branches:
Dungeon (3/15)

Altars:


Innate Abilities, Weirdness & Mutations

You reflexively headbutt those who attack you in melee.
You have a pair of horns on your head.


Message History

It was a potion of brilliance.
The orc misses you. The adder barely misses you.
Drink which item? (? for menu, Esc to quit)
You feel very mighty all of a sudden.
It was a potion of might.
The orc hits you with a morningstar!
* * * LOW HITPOINT WARNING * * *
The orc wizard hits you with a dagger.
* * * LOW HITPOINT WARNING * * *
The adder closely misses you. The orc barely misses you.
You furiously retaliate!
You headbutt the orc!!
You kill the orc!
Yredelemnul accepts your kill.
You slash the orc!
You kill the orc!
Yredelemnul accepts your kill.
You miss the adder.
The adder is lightly wounded.
You hit the orc wizard but do no damage.
The adder bites you.
You die...
Your body rises from the dead as a mindless zombie.

#.........###.......
#.......#..##.......
#.......##..'.......
#.......#####....>..
#.......# #####+##
##.###### #..# ##.##
#..# #######.###
#....o@...#
#....)S)..#
#.........#
#........<#
#.o.......#
#..........
.........##
........# ...


You could see an orc priest, an orc wizard and an adder.

Vanquished Creatures
  The ghost of zordkkahn the Poker, a weakling DsCK of Xom (D:3)
  2 adders (D:2)
  A worm (D:3)
  2 oozes
  3 orcs (D:3)
  A ball python (D:3)
  5 bats
  7 goblins
  3 hobgoblins
  8 kobolds
  A quokka (D:3)
  2 giant cockroaches (D:1)
  3 giant newts
  9 rats
48 creatures vanquished.

Notes
Turn   | Place    | Note
--------------------------------------------------------------
     0 | D:1      | FIQ, the Minotaur Death Knight, began the quest for the Orb.
     0 | D:1      | Reached XP level 1. HP: 18/18 MP: 1/1
   228 | D:1      | Reached XP level 2. HP: 22/25 MP: 1/1
   882 | D:2      | Reached skill level 3 in Fighting
   882 | D:2      | Reached XP level 3. HP: 21/31 MP: 2/4
  1521 | D:2      | Acquired Yredelemnul's second power
  1913 | D:3      | Noticed zordkkahn's ghost (weakling DsCK)
  1928 | D:3      | Paralysed by zordkkahn's ghost for 5 turns
  1947 | D:3      | Killed zordkkahn's ghost
  1947 | D:3      | Reached XP level 4. HP: 19/38 MP: 5/5
  2102 | D:3      | Slain by an adder

Action                   |  1- 3 |  4- 6 || total
-------------------------+-------+-------++-------
Melee: Hand axe          |   109 |     7 ||   116
  Use: Potion            |     3 |     3 ||     6
